 Dungeon Crawl Stone Soup version 0.17-a0-1625-g47e540b (console) character file.

1575846 hyperkellhus the Intangible (level 27, 174/231 HPs)
             Began as a Merfolk Assassin on July 29, 2015.
             Was a High Priest of Trog.
             Escaped with the Orb
             ... and 3 runes on Aug 2, 2015!
             The game lasted 03:16:07 (82618 turns).

hyperkellhus the Intangible (Merfolk Assassin)     Turns: 82618, Time: 03:16:07

Health: 174/231    AC: 51    Str: 27    XL:     27
Magic:  11/11      EV: 35    Int: 12    God:    Trog [*****.]
Gold:   6831       SH:  2    Dex: 33    Spells: 0 memorised, 26 levels left

rFire  + + +     SeeInvis .     a - +9 bardiche (antimagic)
rCold  + + +     Clarity  .     Z - +8 plate armour "Mipedu" {Int+4 Dex+4}
rNeg   . . .     SustAt   .     (no shield)
rPois  .         Gourm    .     j - +4 helmet of a treasure trove {Str+2 Int-3 Dex+8}
rElec  +         Spirit   .     r - +2 cloak {rC+}
rCorr  +         Warding  .     i - +2 pair of gloves {Dex+3}
rMut   .         Stasis   .     S - +2 pair of boots of the Assassin {DetectMon Stab+ Stlth++}
MR     +++..                    P - amulet of Xom's Best Wishes {rCorr rF+ rC+++ Int-4 Dex-5}
Stlth  ++........               A - ring "Acyedghe" {rF+ MR+ Str+4 Stlth+}
                                n - ring of Xaucuacw {rElec rF+ MP+9 Str+4 Int+3}

@: extremely resistant to hostile enchantments, unstealthy
A: change form in water, swift swim, claws 1, icy blue scales 1, large bone
plates 1, thin metallic scales 1, agile 1, high mp 1, mutation resistance 1,
subdued magic 1
a: Burn Spellbooks, Berserk, Trog's Hand, Brothers in Arms, Renounce Religion
0: Orb of Zot
}: 3/15 runes: decaying, silver, gossamer


You escaped.
You worshipped Trog.
Trog was extremely pleased with you.
You were not hungry.

You visited 10 branches of the dungeon, and saw 56 of its levels.
You visited 1 ziggurat, and saw 3 of its levels.
You also visited: Labyrinth, Ice Cave and Wizlab.

You collected 8961 gold pieces.
You spent 2130 gold pieces at shops.

Inventory:

Hand weapons
 a - a +9 antimagic bardiche (weapon)
 c - a +0 blowgun
Missiles
 d - 4 throwing nets (quivered)
 t - 8 curare-tipped needles
Armour
 i - a +2 pair of gloves of dexterity (worn)
 j - the +4 helmet of a treasure trove (worn) {Str+2 Int-3 Dex+8}
   (You found it on level 3 of the Elven Halls)

   It affects your strength (+2).
   It affects your intelligence (-3).
   It affects your dexterity (+8).
 r - a +2 cloak of cold resistance (worn)
 S - the +2 pair of boots of the Assassin (worn) {DetectMon Stab+ Stlth++}
   (You bought it in a shop on level 1 of the Orcish Mines)

   It makes you much more stealthy.
 Z - the +8 plate armour "Mipedu" (worn) {Int+4 Dex+4}
   (You took it off a minotaur in a labyrinth)

   It affects your intelligence (+4).
   It affects your dexterity (+4).
Jewellery
 n - the ring of Xaucuacw (left hand) {rElec rF+ MP+9 Str+4 Int+3}
   (You found it on level 3 of the Elven Halls)

   [ring of magical power]

   It affects your strength (+4).
   It affects your intelligence (+3).
   It protects you from fire.
   It insulates you from electricity.
   It affects your magic capacity (+9).
 q - the ring of Xowukleh {Dex+4 Slay+3}
   (You found it on level 3 of the Elven Halls)

   [ring of dexterity]

   It affects your dexterity (+4).
   It affects your accuracy and damage with ranged weapons and melee attacks
   (+3).
 s - an uncursed ring of flight
 A - the ring "Acyedghe" (right hand) {rF+ MR+ Str+4 Stlth+}
   (You found it on level 1 of the Spider Nest)

   [ring of protection from magic]

   It affects your strength (+4).
   It protects you from fire.
   It affects your resistance to hostile enchantments.
   It makes you more stealthy.
 C - an uncursed ring of poison resistance
 P - the amulet of Xom's Best Wishes (around neck) {rCorr rF+ rC+++ Int-4 Dex-5}
   (You found it on level 1 of the Depths)

   [amulet of resist corrosion]

   It protects you from acid and corrosion.
   It affects your intelligence (-4).
   It affects your dexterity (-5).
   It protects you from fire.
   It renders you almost immune to cold.
 V - the ring "Tibli" {SustAt rN++ MP+9 Int-5 SInv}
   (You found it on level 2 of the Crypt)

   [ring of sustain attributes]

   It sustains your strength, intelligence and dexterity.
   It affects your intelligence (-5).
   It greatly protects you from negative energy.
   It affects your magic capacity (+9).
   It lets you see invisible.
Magical devices
 b - a wand of digging (3)
 k - a wand of heal wounds (9)
 l - a wand of disintegration (12)
 x - a wand of cold (4)
 y - a wand of digging (6)
 z - a wand of teleportation (3)
 B - a wand of digging (18)
 G - a wand of hasting (3)
 M - a wand of teleportation (2)
 U - a wand of lightning (4)
Scrolls
 u - 4 scrolls of blinking
 v - 4 scrolls of fear
 D - 7 scrolls of fog
 O - 14 scrolls of identify
 Q - 4 scrolls of enchant armour
 R - 18 scrolls of teleportation
 T - 7 scrolls of magic mapping
 W - 5 scrolls of recharging
 X - 21 scrolls of remove curse
Potions
 h - a potion of brilliance
 m - 7 potions of flight
 o - 6 potions of cure mutation
 p - 23 potions of curing
 F - a potion of magic
 H - 11 potions of might
 I - 4 potions of cancellation
 J - 2 potions of resistance
 L - 11 potions of agility
 Y - 4 potions of heal wounds
Comestibles
 e - a royal jelly
 g - 19 bread rations
 K - 31 meat rations
 N - 44 fruits


   Skills:
 - Level 22.2 Fighting
   Level 2.4 Short Blades
 - Level 26.0 Polearms
 - Level 2.0 Throwing
 + Level 23.4 Armour
 O Level 27 Dodging
 - Level 17.0 Stealth


You had 26 spell levels left.
You didn't know any spells.

Dungeon Overview and Level Annotations

Branches:
Dungeon (15/15)            Temple (0/1) D:6            Lair (8/8) D:8
  Swamp (4/4) Lair:3       Spider (4/4) Lair:3        Slime (0/6) Lair:6
    Orc (4/4) D:11            Elf (3/3) Orc:4        Vaults (5/5) D:14
  Crypt (3/3) Vaults:3       Tomb (0/3) Crypt:3      Depths (5/5) D:15
    Zot (5/5) Depths:5

Altars:
Dithmenos
Elyvilon
Fedhas
Gozag
Kikubaaqudgha
Makhleb
Okawaru
Qazlal
Ru
Sif Muna
Trog
Vehumet
Xom
Yredelemnul
Zin
The Shining One
Beogh

Shops:
D:4 [   D:6 !   D:9 !   Orc:1 *   Orc:4 :?%(   Elf:2 %   Vaults:1 !
Vaults:2 [   Vaults:3 *   Depths:1 *

Portals:
Hell: Depths:1 Depths:2 Depths:3 Depths:4 Depths:5
Abyss: Depths:3 Depths:4 Depths:5
Pandemonium: Depths:3


Innate Abilities, Weirdness & Mutations

You revert to your normal form in water.
You are very nimble and swift while swimming.
You have sharp fingernails.
You are partially covered in icy blue scales (AC +1).
You are partially covered in large bone plates (AC +2, SH +2).
You are partially covered in thin metallic scales (AC +2).
You are agile. (Dex +2)
You have an increased reservoir of magic (+10% MP).
You are somewhat resistant to further mutation.
Your spells are a little easier to cast, but a little less powerful.


Message History

The orange demon is lightly wounded.
The orange demon completely misses you.
Attack whom?
Press: ? - help, Dir - move target cursor, f/p - orange demon
Aim: an orange demon (lightly wounded)
You reach to attack!
You slice the orange demon!!
The orange demon is heavily wounded.
The orange demon completely misses you.
Attack whom?
Press: ? - help, Dir - move target cursor, f/p - orange demon
Aim: an orange demon (heavily wounded)
You reach to attack!
You hit the orange demon.
The orange demon is heavily wounded.
The orange demon completely misses you. x2
You carve the orange demon like a ham!!!
You kill the orange demon!
Trog accepts your kill.
No target in view!
There is a staircase leading out of the dungeon here.
You have escaped!

..)........# #.#
#.########## #.# #.#
####.# #.# #.'..##
..######### #.#...##
..........#######.#....##
...###..........#.#.....#
.....#.##.######..#....##
#..#.#.##.# #@.'...##
.......##.# ##....##
.#.#.####.# #.#.## .#.#.#
#.# #.#..# .#.#.## #.#
#.#.#.# .#....###.#
#.+.##.# .#........#
###.# ## .##...#####
######..# .....##
#.......#


There were no monsters in sight!

Vanquished Creatures
  8 ancient liches
  4 orbs of fire
  Mara (Swamp:4)
  Saint Roka (Crypt:3)
  2 Killer Klowns (Zot:5)
  A caustic shrike (Depths:2)
  7 golden dragons
  Nikola (Spider:1)
  2 bone dragons (Depths:5)
  2 electric golems (Zot:5)
  Jorgrun (Depths:2)
  7 tentacled monstrosities
  7 liches
  3 Brimstone Fiends
  24 Orb Guardians
  A shard shrike skeleton (Crypt:2)
  4 deep elf blademasters
  6 titans
  2 deep elf master archers (Elf:3)
  4 quicksilver dragons
  7 sphinxes
  2 tengu reavers
  An octopode crusher (Depths:4)
  Frances (D:14)
  5 shadow dragons
  3 ancient champions (Crypt:1)
  7 storm dragons
  12 fire giants
  4 thorn hunters
  2 revenants
  Wiglaf (Depths:3)
  11 deep elf sorcerers
  Donald (Elf:1)
  A draconian knight (Depths:5)
  4 orc warlords
  12 frost giants
  2 balrugs
  Louise (Spider:2)
  2 iron dragons (Vaults:5)
  A draconian scorcher (Zot:4)
  2 curse skulls
  5 reapers
  14 vault wardens
  4 ghouls (Crypt:1)
  5 emperor scorpions
  A cacodemon (D:10)
  A draconian annihilator (Depths:5)
  18 ironheart preservers
  6 ghost moths
  24 stone giants
  3 spriggan defenders
  10 very ugly things
  3 war gargoyles
  8 vampire knights
  3 black draconians
  The ghost of Eleanoora the Geomancer, a powerful FoEE of Ashenzari (D:10)
  A large abomination (Elf:3)
  3 salamander stormcallers
  4 deep elf demonologists
  12 purple draconians
  A yellow draconian (Depths:5)
  A mottled draconian (Zot:5)
  8 deep elf annihilators
  3 white draconians
  13 deep elf death magi
  A merfolk javelineer (Depths:2)
  A minotaur (Lab)
  2 blizzard demons (IceCv)
  A quicksilver dragon zombie (Crypt:1)
  14 yaktaur captains
  A crystal guardian (Vaults:3)
  A mummy priest (Crypt:3)
  3 jiangshi
  10 fire dragons
  14 ettins
  11 eidola
  Josephine (Lair:4)
  32 vault guards
  5 deep elf high priests
  7 ice dragons
  8 great orbs of eyes
  2 ghost crabs (Swamp:4)
  Harold (Orc:1)
  24 hydras
  A quicksilver dragon skeleton (Crypt:2)
  8 entropy weavers
  4 catoblepae
  8 alligators
  9 statues (WizLab)
  Erica (Orc:1)
  19 ogre magi
  4 spriggan air magi
  A catoblepas (shapeshifter) (Depths:2)
  2 death knights
  11 centaur warriors
  14 dancing weapons
  14 deep troll shamans
  6 tengu warriors
  32 death yaks
  4 deep troll earth magi
  Urug (Lair:3)
  8 spriggan berserkers
  3 titan zombies (Crypt:3)
  3 vampire magi
  6 orc high priests
  2 fire crabs
  Sonja (D:11)
  2 sun demons (Depths:4)
  Nergalle (D:11)
  31 skeletal warriors
  3 storm dragon zombies
  A shadow wraith (Vaults:4)
  A titan skeleton (Crypt:2)
  6 hell knights
  8 soul eaters
  10 unseen horrors
  19 deep elf knights
  A storm dragon skeleton (Crypt:3)
  9 iron trolls
  7 ice devils
  A ghost moth zombie (Spider:3)
  2 giant orange brains (shapeshifter) (Vaults:5)
  5 hill giants
  7 flayed ghosts
  A death drake (shapeshifter) (Depths:2)
  33 deep trolls
  2 spriggan druids
  A lindwurm (Lair:5)
  An anubis guard (shapeshifter) (Vaults:2)
  12 swamp dragons
  2 giant orange brains
  An ice statue (IceCv)
  2 shambling mangroves
  9 deep elf summoners
  18 ironbrand convokers
  A shadow dragon zombie (Crypt:1)
  16 necromancers
  21 orc knights
  2 tengu zombies
  17 phantasmal warriors
  A sphinx zombie (Vaults:3)
  16 orb spiders
  2 wolf spider zombies (Crypt:3)
  A golden dragon skeleton (Crypt:3)
  3 harpies (Vaults:1)
  An oklob plant (Orc:2)
  12 deep elf conjurers
  4 wizards
  25 wolf spiders
  An iron dragon zombie (Crypt:3)
  A salamander (Depths:2)
  A human zombie (Vaults:5)
  4 griffons
  A cyclops (shapeshifter) (Vaults:1)
  2 frost giant zombies
  A fire giant zombie (D:15)
  2 stone giant zombies (Crypt:3)
  A mana viper (Depths:1)
  37 ugly things
  A frost giant skeleton (Crypt:3)
  7 cyclopes
  A manticore (D:14)
  A stone giant skeleton (Crypt:3)
  Maurice (D:10)
  7 moths of wrath
  9 hornets
  2 hornets (shapeshifter)
  A fire giant skeleton (Crypt:3)
  A dire elephant zombie (Crypt:3)
  Joseph (Lair:1)
  16 vault sentinels
  32 elephants
  A smoke demon (Depths:3)
  2 torpor snails
  4 black mambas
  A naga mage (Depths:1)
  2 eyes of devastation (shapeshifter)
  2 spriggan zombies
  Psyche (D:8)
  A rust devil (Depths:3)
  An octopode (shapeshifter) (Depths:4)
  8 kobold demonologists
  4 komodo dragons
  An emperor scorpion zombie (Crypt:2)
  13 hellwings (Crypt:3)
  A hellion (Zig:1)
  An alligator snapping turtle skeleton (Crypt:2)
  2 yaktaurs (shapeshifter)
  4 orange demons
  31 spiny frogs
  A catoblepas zombie (Crypt:3)
  5 redback zombies (Spider:3)
  4 anaconda simulacra (IceCv)
  24 demonic crawlers
  38 yaktaurs
  17 freezing wraiths
  2 guardian mummies (Crypt:3)
  31 jumping spiders
  2 golden dragon simulacra (IceCv)
  A hydra zombie (Crypt:3)
  2 two-headed ogres (shapeshifter)
  21 deep elf priests
  8 trolls
  A wolf spider simulacrum (D:15)
  A queen ant zombie (Crypt:2)
  2 polar bears
  A blink frog (shapeshifter) (D:13)
  A queen bee (Depths:2)
  A stone giant simulacrum (Vaults:5)
  A queen bee (shapeshifter) (Vaults:5)
  25 blink frogs
  12 bog bodies
  A harpy skeleton (Crypt:3)
  25 slime creatures
  30 two-headed ogres
  A fire dragon zombie (Crypt:1)
  2 human simulacra (Vaults:3)
  A trapdoor spider zombie (Spider:3)
  5 giant leeches
  An ettin zombie (D:15)
  10 boulder beetles
  2 ettin skeletons
  4 shadows
  6 flying skulls (Crypt:1)
  4 wyverns
  A black mamba zombie (Crypt:2)
  68 redbacks
  A frost giant simulacrum (Vaults:1)
  A spriggan skeleton (Zig:1)
  2 fire dragon skeletons (Crypt:3)
  A ynoxinul (Depths:3)
  3 air elementals
  19 trapdoor spiders
  14 water elementals
  28 deep elf fighters
  13 wraiths
  50 yaks
  29 tarantellas
  4 hippogriffs
  12 spriggans
  2 vampires
  3 basilisks
  A hippogriff (shapeshifter) (Vaults:3)
  6 dire elephant simulacra (IceCv)
  49 vampire mosquitoes
  39 deep elf magi
  A steam dragon (shapeshifter) (Depths:2)
  A yaktaur simulacrum (Vaults:5)
  A golden eye (shapeshifter) (Depths:1)
  8 wargs
  3 mottled dragons (Vaults:2)
  20 insubstantial wisps
  A harpy simulacrum (IceCv)
  2 spiny frog zombies (Crypt:3)
  19 swamp worms
  A mottled dragon (shapeshifter) (Depths:1)
  10 porcupines
  A naga (Depths:1)
  6 small abominations
  11 wolves
  A monstrous demonspawn skeleton (Crypt:2)
  12 water moccasins
  4 iron troll simulacra (IceCv)
  6 soldier ants
  2 ice beasts
  2 hydra simulacra (IceCv)
  6 phantoms
  33 spiders
  20 swamp drakes
  56 orc warriors
  11 wasps
  4 black bears
  2 infernal demonspawn skeletons (Crypt:1)
  A boggart (shapeshifter) (Vaults:5)
  6 necrophages
  A boggart (Depths:3)
  67 ogres
  4 sky beasts
  8 big kobolds
  18 centaurs
  2 snapping turtle skeletons (Crypt:3)
  A manticore skeleton (Crypt:3)
  9 crocodiles
  2 big kobolds (shapeshifter)
  22 giant frogs
  5 brain worms
  A water moccasin zombie (D:9)
  A spider zombie (Spider:3)
  2 glowing shapeshifter simulacra
  6 wyvern skeletons
  9 scorpions
  A swamp dragon simulacrum (IceCv)
  A wolf zombie (Crypt:1)
  41 killer bees
  3 electric eels (D:14)
  15 wights
  5 draconian simulacra (IceCv)
  22 orc wizards
  11 crimson imps
  A gnoll shaman (D:7)
  3 giant frog zombies
  36 orc priests
  A two-headed ogre zombie (Crypt:1)
  4 centaur zombies
  2 jellies (D:9)
  Crazy Yiuf (D:3)
  11 iguanas
  13 hounds
  7 centaur skeletons
  4 giant frog skeletons
  Jessica (D:2)
  20 sheep
  A spriggan simulacrum (IceCv)
  2 hell rats (Lair:3)
  2 polar bear simulacra (IceCv)
  26 worker ants
  4 troll simulacra (IceCv)
  A centaur simulacrum (IceCv)
  A killer bee zombie (D:10)
  A hound skeleton (D:4)
  2 mummies
  A worker ant zombie (D:8)
  76 river rats
  11 gnolls
  4 ogre simulacra
  A steam dragon zombie (Crypt:2)
  3 shadow imps
  A swamp drake skeleton (Crypt:1)
  13 adders
  4 white imps (IceCv)
  8 ufetubi (IceCv)
  An ooze (D:3)
  2 adder skeletons (D:5)
  An iguana skeleton (Crypt:2)
  6 worms
  4 giant geckos
  209 orcs
  2 ball pythons
  16 bats
  7 giant cockroaches
  10 hobgoblins
  21 jackals
  37 kobolds
  A giant gecko skeleton (D:5)
  6 goblins
  An orc zombie (Crypt:1)
  4 quokkas
  9 rats
  14 crawling corpses
  4 fire vortices (Vaults:2)
  A fungus (Lair:8)
  2 lost souls (Crypt:3)
2923 creatures vanquished.

Vanquished Creatures (collateral kills)
  Rupert (Lair:4)
  A titan (Depths:2)
  Agnes (Elf:2)
  Maud (Orc:3)
  3 vault wardens (Vaults:5)
  An emperor scorpion (Spider:4)
  A draconian annihilator (Zot:4)
  A stone giant (Vaults:4)
  2 deep elf demonologists (Elf:3)
  A red draconian (Zot:4)
  2 deep elf annihilators (Elf:3)
  A white draconian (Zot:4)
  A vault guard (Vaults:5)
  2 mummy priests (Zig:3)
  A yaktaur captain (Vaults:1)
  An ogre mage (D:14)
  3 hydras
  2 dancing weapons (Elf:2)
  A centaur warrior (D:14)
  An orc high priest (Orc:4)
  A deep troll (Vaults:5)
  2 ironbrand convokers (Vaults:4)
  An anubis guard (Zig:3)
  2 orc knights
  2 orb spiders (Spider:2)
  A griffon (shapeshifter) (Vaults:5)
  3 wolf spiders (Spider:2)
  A guardian serpent (shapeshifter) (Vaults:5)
  3 yaktaurs (Vaults:4)
  A fire drake (shapeshifter) (Vaults:4)
  2 deep elf priests
  4 jumping spiders
  A two-headed ogre (D:14)
  A deep troll zombie (Zig:3)
  A redback (Spider:2)
  2 deep elf fighters
  5 ogres
  7 orc warriors
  A centaur (D:14)
  A big kobold (D:14)
  A wyvern skeleton (Crypt:3)
  5 orc priests
  An orc wizard (Orc:3)
  11 orcs
88 creatures vanquished.

Vanquished Creatures (others)
  2 ancient liches (Zot:5)
  An eldritch tentacle (Depths:2)
  A shadow dragon (Vaults:5)
  An ironheart preserver (Vaults:2)
  A white draconian (Zot:5)
  An ogre mage (Vaults:2)
  2 shadow wraiths
  A ball lightning (Crypt:3)
  A spriggan druid (Swamp:1)
  A deep elf knight (Elf:1)
  An orc knight (Vaults:2)
  A vault sentinel (Vaults:2)
  A troll (shapeshifter) (Vaults:5)
  2 two-headed ogres
  A redback (Spider:1)
  A warg (Vaults:2)
  A water moccasin (Lair:7)
  An orc warrior (Vaults:2)
  A swamp drake (Swamp:4)
  7 ogres
  A worker ant (Spider:3)
  An orc (Orc:1)
  A kobold (D:14)
  87 eldritch tentacle segments (Depths:2)
  17 fungi
  5 lost souls
  32 plants
173 creatures vanquished.

Grand Total: 3184 creatures vanquished

Notes
Turn   | Place    | Note
--------------------------------------------------------------
     0 | D:1      | hyperkellhus the Merfolk Assassin began the quest for the Orb.
     0 | D:1      | Reached XP level 1. HP: 16/16 MP: 1/1
   140 | D:1      | Reached XP level 2. HP: 9/22 MP: 2/2
   147 | D:1      | HP: 1/22 [jackal (3)]
   884 | D:2      | Reached XP level 3. HP: 27/27 MP: 3/3
  1132 | D:2      | Reached XP level 4. HP: 31/33 MP: 4/4
  1312 | D:2      | Reached skill level 5 in Dodging
  1357 | D:2      | Noticed Jessica
  1368 | D:2      | Killed Jessica
  1802 | D:3      | Reached skill level 6 in Dodging
  1930 | D:3      | Reached XP level 5. HP: 38/38 MP: 5/5
  2659 | D:3      | Noticed Crazy Yiuf
  2675 | D:3      | Killed Crazy Yiuf
  2759 | D:4      | Reached XP level 6. HP: 48/48 MP: 6/6
  2844 | D:4      | Found Baphelyoz's Armour Emporium.
  2866 | D:4      | Bought a +0 pair of gloves for 63 gold pieces
  2919 | D:4      | Got a translucent spear
  2920 | D:4      | Identified the +2 spear "Fayli" {pierce, rC- Str+7 Stlth-} (You found it on level 4 of the Dungeon)
  3139 | D:4      | Reached skill level 1 in Polearms
  3323 | D:4      | Noticed an ogre
  3394 | D:3      | Upgraded the game from 0.17-a0-1591-g7a45446 to 0.17-a0-1596-g1e86911
  3563 | D:4      | Found a bloodstained altar of Trog.
  3572 | D:4      | Became a worshipper of Trog the Wrathful
  3651 | D:4      | Killed an ogre
  3651 | D:4      | Reached skill level 5 in Polearms
  3651 | D:4      | Reached XP level 7. HP: 23/55 MP: 7/7
  3860 | D:5      | Entered Level 5 of the Dungeon
  4153 | D:5      | Found a deep blue altar of Sif Muna.
  4441 | D:5      | Reached skill level 7 in Polearms
  4802 | D:5      | Reached skill level 8 in Polearms
  4821 | D:5      | Reached skill level 9 in Polearms
  4859 | D:5      | Reached XP level 8. HP: 33/61 MP: 8/8
  5187 | D:5      | Found a radiant altar of Vehumet.
  5188 | D:5      | Found a burning altar of Makhleb.
  5453 | D:6      | Found a burning altar of Makhleb.
  5550 | D:6      | Reached skill level 10 in Polearms
  5560 | D:6      | Acquired Trog's first power
  5768 | D:6      | HP: 2/61 [ogre/giant spiked club (25)]
  6020 | D:6      | Reached skill level 11 in Polearms
  6101 | D:6      | Got a diamond-encrusted plate armour
  6112 | D:6      | Identified the cursed +0 plate armour of Mirth {Int+4} (You found it on level 6 of the Dungeon)
  6216 | D:6      | Found a staircase to the Ecumenical Temple.
  6785 | D:6      | Reached skill level 12 in Polearms
  6803 | D:6      | Found Onkueg's Distillery.
  6809 | D:6      | Bought a potion of heal wounds for 75 gold pieces
  7197 | D:7      | Reached skill level 5 in Fighting
  7232 | D:7      | Reached XP level 9. HP: 18/68 MP: 9/9
  7473 | D:7      | Found a radiant altar of Vehumet.
  7959 | D:7      | Acquired Trog's second power
  7997 | D:7      | Reached skill level 13 in Polearms
  8585 | D:7      | Reached skill level 14 in Polearms
  8845 | D:8      | Found a blossoming altar of Fedhas.
  8854 | D:8      | Found a stormy altar of Qazlal.
  8854 | D:8      | Found a shimmering altar of Xom.
  8855 | D:8      | Found an iron altar of Okawaru.
  8858 | D:8      | Found a sacrificial altar of Ru.
  9058 | D:8      | Found a basalt altar of Yredelemnul.
  9184 | D:8      | Found a staircase to the Lair.
  9197 | D:8      | Reached skill level 15 in Polearms
  9210 | D:8      | Reached XP level 10. HP: 34/79 MP: 10/10
  9806 | D:8      | Noticed Psyche
  9810 | D:8      | Reached skill level 16 in Polearms
  9817 | D:8      | Killed Psyche
 10031 | D:8      | Identified a scroll of acquirement
 10607 | D:9      | Acquired Trog's third power
 10721 | D:9      | Found Qukkuska's Distillery.
 10729 | D:9      | Bought a potion of heal wounds for 65 gold pieces
 10729 | D:9      | Gained mutation: You have sharp fingernails. [potion of mutation]
 10729 | D:9      | Gained mutation: You have a pair of small horns on your head. [potion of mutation]
 10729 | D:9      | Gained mutation: You are weak. (Str -2) [potion of mutation]
 10782 | D:9      | Found a white marble altar of Elyvilon.
 10783 | D:9      | Found a glowing golden altar of the Shining One.
 10981 | D:6      | Bought a potion of mutation for 37 gold pieces
 10981 | D:6      | Gained mutation: You are partially covered in large bone plates (AC +2, SH +2). [potion of mutation]
 10981 | D:6      | Gained mutation: You are somewhat resistant to further mutation. [potion of mutation]
 11256 | D:9      | Found a shadowy altar of Dithmenos.
 11959 | D:9      | Found a glowing silver altar of Zin.
 12214 | D:10     | Entered Level 10 of the Dungeon
 12278 | D:10     | Noticed Eleanoora's ghost (powerful FoEE)
 12469 | Lair:1   | Entered Level 1 of the Lair of Beasts
 12525 | Lair:1   | Found a labyrinth entrance.
 12528 | Lair:1   | Noticed a seven-headed hydra
 12541 | Lair:1   | Killed a 14-headed hydra
 12541 | Lair:1   | Reached skill level 10 in Dodging
 12541 | Lair:1   | Reached XP level 11. HP: 41/86 MP: 11/11
 12555 | Lab      | Entered a labyrinth
 12965 | Lab      | Noticed a minotaur
 12986 | Lab      | Killed a minotaur
 12988 | Lab      | Got an ichor-stained plate armour
 13219 | Lab      | Identified the +8 plate armour "Mipedu" {Int+4 Dex+4} (You took it off a minotaur in a labyrinth)
 13317 | Lair:1   | Reached skill level 1 in Armour
 13717 | Lair:1   | Noticed Joseph
 13741 | Lair:1   | Killed Joseph
 13958 | Lair:1   | Noticed a black mamba
 13965 | Lair:1   | Killed a black mamba
 14226 | Lair:1   | Got a jewelled chain mail
 14434 | Lair:1   | Identified the cursed +0 chain mail of Death's Door {rPois rC+ Regen+} (You found it on level 1 of the Lair of Beasts)
 14628 | Lair:2   | Reached skill level 5 in Armour
 15085 | Lair:2   | Reached XP level 12. HP: 72/92 MP: 12/12
 15600 | Lair:2   | Noticed an eight-headed hydra
 15607 | Lair:2   | Killed an eight-headed hydra
 16221 | Lair:3   | Found a staircase to the Swamp.
 16393 | Lair:3   | Received a gift from Trog
 16537 | Lair:3   | Found a hole to the Spider Nest.
 16688 | Lair:3   | Noticed a five-headed hydra
 16697 | Lair:3   | Killed a six-headed hydra
 16753 | Lair:3   | Noticed Urug
 16763 | Lair:3   | Killed Urug
 17089 | Lair:4   | Noticed Rupert
 17111 | Lair:4   | Paralysed by Rupert for 3 turns
 17124 | Lair:4   | Killed Rupert
 17276 | Lair:4   | Noticed Josephine
 17294 | Lair:4   | Killed Josephine
 17500 | Lair:4   | Noticed a five-headed hydra
 17842 | Lair:4   | Reached skill level 10 in Armour
 18049 | Lair:4   | Reached XP level 13. HP: 96/99 MP: 13/13
 18094 | Lair:4   | Noticed a seven-headed hydra
 18103 | Lair:4   | Killed an eight-headed hydra
 18562 | Lair:5   | Reached skill level 10 in Fighting
 19261 | Lair:5   | Received a gift from Trog
 20333 | Lair:4   | Killed a five-headed hydra
 20719 | Lair:6   | Found a staircase to the Slime Pits.
 21738 | Lair:6   | Received a gift from Trog
 21738 | Lair:6   | Reached skill level 17 in Polearms
 21738 | Lair:6   | Reached XP level 14. HP: 113/118 MP: 14/14
 22212 | Lair:6   | Reached skill level 18 in Polearms
 22632 | Lair:7   | Reached skill level 19 in Polearms
 23718 | Lair:8   | Entered Level 8 of the Lair of Beasts
 23739 | Lair:8   | Reached skill level 20 in Polearms
 24554 | Lair:8   | Reached XP level 15. HP: 87/126 MP: 5/15
 24986 | Lair:8   | Received a gift from Trog
 26063 | D:10     | Killed Eleanoora's ghost
 26579 | D:10     | Noticed Maurice
 26592 | D:10     | Killed Maurice
 26634 | D:10     | Killed an unseen horror
 27395 | D:11     | Gained mutation: You have an increased reservoir of magic (+10% MP). [mutagenic meat]
 27515 | D:11     | Lost mutation: You are weak. (Str -2) [mutagenic meat]
 27555 | D:11     | Noticed Sonja
 27567 | D:11     | Killed Sonja
 27824 | D:11     | Received a gift from Trog
 27910 | D:11     | Found a roughly hewn altar of Beogh.
 27910 | D:11     | Found a staircase to the Orcish Mines.
 28645 | D:12     | Found an opulent altar of Gozag.
 28952 | D:12     | Received a gift from Trog
 29719 | D:13     | Gained mutation: You are agile. (Dex +2) [mutagenic meat]
 29722 | D:13     | Gained mutation: You are partially covered in icy blue scales (AC +1). [mutagenic meat]
 29723 | D:13     | Gained mutation: Your spells are a little easier to cast, but a little less powerful. [mutagenic meat]
 29730 | D:13     | Lost mutation: You have a pair of small horns on your head. [mutagenic meat]
 29733 | D:13     | Gained mutation: You are partially covered in thin metallic scales (AC +2). [mutagenic meat]
 30490 | D:14     | Noticed Frances
 30621 | D:14     | Killed Frances
 30621 | D:14     | Reached XP level 16. HP: 73/133 MP: 5/17
 30940 | D:14     | Reached skill level 21 in Polearms
 30999 | D:14     | Found a white marble altar of Elyvilon.
 31088 | D:14     | Received a gift from Trog
 31462 | D:14     | Found a gate to the Vaults.
 31908 | D:15     | Entered Level 15 of the Dungeon
 32342 | D:15     | Reached skill level 22 in Polearms
 32654 | D:15     | Found a staircase to the Depths.
 33342 | D:15     | Received a gift from Trog
 33868 | Orc:1    | Entered Level 1 of the Orcish Mines
 33868 | Orc:1    | Noticed Nergalle
 33874 | Orc:1    | Noticed Harold
 33879 | D:11     | Killed Nergalle
 33953 | Orc:1    | Killed Harold
 34070 | Orc:1    | Reached skill level 23 in Polearms
 34581 | Orc:3    | Noticed Maud
 34589 | Orc:3    | Killed Maud
 34701 | Orc:3    | Found a shimmering altar of Xom.
 34932 | Orc:1    | Found Qumypasm's Assorted Antiques.
 34932 | Orc:1    | Noticed Erica
 34949 | Orc:1    | Killed Erica
 34949 | Orc:1    | Received a gift from Trog
 35293 | Orc:2    | You fall through a shaft for 2 floors!
 35293 | Orc:4    | Entered Level 4 of the Orcish Mines
 35914 | Orc:4    | Found a staircase to the Elven Halls.
 36330 | Orc:4    | Received a gift from Trog
 37079 | Orc:4    | Received a gift from Trog
 37723 | Orc:4    | Found Vusch's Weapon Shop.
 37725 | Orc:4    | Found Raez Qae's Magic Scroll Boutique.
 37725 | Orc:4    | Found Zyer's Food Shop.
 37726 | Orc:4    | Found Nachuafi's Book Shop.
 37887 | Orc:1    | Bought the +2 pair of boots of the Assassin {DetectMon Stab+ Stlth++} for 758 gold pieces
 38151 | Spider:1 | Entered Level 1 of the Spider Nest
 38212 | Spider:1 | Reached skill level 24 in Polearms
 38218 | Spider:1 | Noticed Nikola
 38235 | Spider:1 | Killed Nikola
 38296 | Spider:1 | Reached XP level 17. HP: 91/139 MP: 6/18
 38962 | Spider:1 | Got an ancient steel ring
 38964 | Spider:1 | Identified the ring "Acyedghe" {rF+ MR+ Str+4 Stlth+} (You found it on level 1 of the Spider Nest)
 39151 | Spider:1 | Received a gift from Trog
 39638 | Spider:1 | Reached skill level 25 in Polearms
 40112 | Orc:4    | Bought a scroll of enchant weapon for 127 gold pieces
 41219 | Spider:2 | Received a gift from Trog
 41222 | Spider:2 | Got a bloodstained rapier {god gift}
 41756 | Spider:2 | Reached skill level 26 in Polearms
 42213 | Spider:3 | Noticed Louise
 42494 | Spider:2 | Killed Louise
 42948 | Spider:3 | Received a gift from Trog
 43107 | Spider:3 | Reached skill level 15 in Fighting
 44052 | Spider:3 | Reached XP level 18. HP: 135/151 MP: 6/19
 44391 | Spider:4 | Entered Level 4 of the Spider Nest
 44411 | Spider:4 | Identified Sif Muna's Grimoire of the Snowflakes
 45574 | Spider:4 | Received a gift from Trog
 45821 | Spider:4 | Got an ancient halberd {god gift}
 46750 | Spider:4 | Reached skill level 15 in Dodging
 47107 | Spider:4 | Received a gift from Trog
 47115 | Spider:4 | Got a gossamer rune of Zot
 47715 | Elf:1    | Entered Level 1 of the Elven Halls
 48462 | Elf:1    | Noticed Donald
 48485 | Elf:1    | Killed Donald
 48485 | Elf:1    | Received a gift from Trog
 48876 | Elf:2    | Found Refronodgh's Food Shop.
 48979 | Elf:2    | Found a frozen archway.
 49002 | IceCv    | Entered an ice cave
 50268 | IceCv    | Got an encrusted hand axe
 50289 | IceCv    | Got a brightly glowing hat
 50303 | IceCv    | Identified the +2 hat "Sugoi" {rN+ Int+5} (You found it in an ice cave)
 51189 | Elf:2    | Found a huge runed gate.
 51189 | Elf:2    | Found a huge runed gate.
 51189 | Elf:2    | Found a huge runed gate.
 51189 | Elf:2    | Found a huge runed gate.
 51189 | Elf:2    | Found a huge runed gate.
 51212 | Elf:2    | Reached XP level 19. HP: 157/157 MP: 6/20
 51521 | Elf:2    | Noticed Agnes
 51817 | Elf:2    | Received a gift from Trog
 52193 | Elf:2    | Killed Agnes
 52746 | Lair:2   | Upgraded the game from 0.17-a0-1596-g1e86911 to 0.17-a0-1617-gfba1302
 52975 | Vaults:1 | Entered Level 1 of the Vaults
 53633 | Vaults:1 | Received a gift from Trog
 53884 | Vaults:1 | Found Okoky's Distillery.
 53894 | Vaults:1 | Bought a potion of heal wounds for 60 gold pieces
 54533 | Vaults:2 | Received a gift from Trog
 54572 | Vaults:2 | Found Qudef's Armour Emporium.
 54641 | Vaults:2 | Reached XP level 20. HP: 139/164 MP: 7/22
 54654 | Vaults:2 | Received a gift from Trog
 55538 | Vaults:2 | Received a gift from Trog
 55565 | Vaults:2 | Got a crude glaive {god gift}
 55566 | Vaults:2 | Identified the +6 glaive of the Many Gods {chop, rElec Int+4} (Trog gifted it to you on level 2 of the Vaults)
 56334 | Vaults:3 | Received a gift from Trog
 56334 | Vaults:3 | Reached skill level 15 in Armour
 56703 | Vaults:3 | Received a gift from Trog
 56976 | Vaults:3 | Received a gift from Trog
 57149 | Vaults:3 | Found Giruph's Assorted Antiques.
 57153 | Vaults:3 | Bought a hardcover manual for 630 gold pieces
 57281 | Vaults:3 | Reached skill level 5 in Stealth
 57419 | Vaults:3 | Found a staircase to the Crypt.
 57419 | Vaults:3 | Found a basalt altar of Yredelemnul.
 57420 | Vaults:3 | Found an ancient bone altar of Kikubaaqudgha.
 57652 | Vaults:4 | Reached XP level 21. HP: 171/171 MP: 7/23
 57672 | Vaults:4 | Received a gift from Trog
 57731 | Vaults:4 | Reached skill level 10 in Stealth
 59020 | Vaults:4 | Found a burning altar of Makhleb.
 59183 | Crypt:1  | Entered Level 1 of the Crypt
 59384 | Crypt:1  | Found a magical portal.
 59393 | WizLab   | Entered Iskenderun's Mystic Tower
 59448 | WizLab   | Reached skill level 15 in Stealth
 59487 | WizLab   | Received a gift from Trog
 60456 | WizLab   | Identified Iskenderun's Tome of Confrontation and Air
 60456 | WizLab   | Identified Iskenderun's Incunabulum of Confrontation and Fire
 61040 | Crypt:1  | Got a steaming ring mail
 61686 | Crypt:1  | Received a gift from Trog
 61737 | Crypt:1  | Reached XP level 22. HP: 145/182 MP: 8/24
 61905 | Crypt:1  | Identified the +0 ring mail of Yqyb {Str+7} (You found it on level 1 of the Crypt)
 61992 | Crypt:2  | Got a steaming granite ring
 61994 | Crypt:2  | Identified the ring "Tibli" {SustAt rN++ MP+9 Int-5 SInv} (You found it on level 2 of the Crypt)
 62524 | Crypt:3  | Entered Level 3 of the Crypt
 62578 | Crypt:3  | Noticed Saint Roka
 62594 | Crypt:3  | Killed Saint Roka
 63142 | Crypt:3  | Found an ancient bone altar of Kikubaaqudgha.
 63567 | Crypt:3  | Noticed an ancient lich
 63589 | Crypt:3  | Killed an ancient lich
 64146 | Crypt:3  | Got a slimy glaive {elec}
 64233 | Crypt:3  | Identified the +4 glaive of Fedhas's Fury {elec, rC++ Str-3} (You took it off a guardian mummy on level 3 of the Crypt)
 64250 | Crypt:3  | Found a staircase to the Tomb.
 64769 | Vaults:3 | Bought a scroll of blinking for 315 gold pieces
 65108 | Swamp:1  | Entered Level 1 of the Swamp
 65171 | Swamp:1  | Received a gift from Trog
 65427 | Swamp:1  | Reached XP level 23. HP: 199/199 MP: 8/25
 66024 | Swamp:2  | Received a gift from Trog
 67059 | Swamp:3  | Got a shimmering robe
 67438 | Swamp:4  | Entered Level 4 of the Swamp
 67546 | Swamp:4  | Received a gift from Trog
 67588 | Swamp:4  | Noticed Mara
 67729 | Swamp:4  | Killed Mara
 68160 | Swamp:4  | Got a decaying rune of Zot
 68245 | Swamp:4  | Found an ancient bone altar of Kikubaaqudgha.
 68796 | Lair:2   | Upgraded the game from 0.17-a0-1617-gfba1302 to 0.17-a0-1625-g47e540b
 69078 | Elf:3    | Entered Level 3 of the Elven Halls
 69205 | Elf:3    | Received a gift from Trog
 69677 | Elf:3    | Received a gift from Trog
 69872 | Elf:3    | Reached XP level 24. HP: 211/211 MP: 8/25
 70115 | Elf:3    | Got a brightly glowing morningstar
 70128 | Elf:3    | Got a heavily runed silver ring
 70130 | Elf:3    | Got a warped dagger
 70144 | Elf:3    | Identified the ring of Xaucuacw {rElec rF+ MP+9 Str+4 Int+3} (You found it on level 3 of the Elven Halls)
 70161 | Elf:3    | Got a flickering glass ring
 70166 | Elf:3    | Identified the ring of Xowukleh {Dex+4 Slay+3} (You found it on level 3 of the Elven Halls)
 70178 | Elf:3    | Got a shimmering broad axe
 70183 | Elf:3    | Got a pitted morningstar
 70210 | Elf:3    | Got a faintly glowing helmet
 70221 | Elf:3    | Identified the +4 helmet of a treasure trove {Str+2 Int-3 Dex+8} (You found it on level 3 of the Elven Halls)
 70225 | Elf:3    | Got a polished quarterstaff
 70545 | Elf:3    | Got a heavily runed cloak
 70556 | Elf:3    | Identified the +2 cloak "Aqufad" {Regen+ Int-4 Stlth+} (You acquired it on level 3 of the Elven Halls)
 70983 | Depths:1 | Entered Level 1 of the Depths
 70999 | Depths:1 | Received a gift from Trog
 71062 | Depths:1 | Paralysed by an ogre mage for 4 turns
 71197 | Depths:1 | Got a glittering zirconium amulet
 71212 | Depths:1 | Identified the amulet of Xom's Best Wishes {rCorr rF+ rC+++ Int-4 Dex-5} (You found it on level 1 of the Depths)
 71421 | Depths:1 | Found Ciaxtuq's Serpentskin Sales.
 71431 | Depths:1 | Found a gateway to Hell.
 72365 | Depths:2 | Got a spiked leather armour
 72485 | Depths:2 | Noticed Jorgrun
 72497 | Depths:2 | Killed Jorgrun
 72525 | Depths:2 | Received a gift from Trog
 72566 | Depths:2 | Found a runed door.
 73148 | Depths:2 | Reached XP level 25. HP: 90/217 MP: 8/25
 73436 | Depths:2 | Got a scorched jade ring
 73438 | Depths:2 | Identified the ring of Loni {Fire Str+2 Int+4} (You took it off a hell knight on level 2 of the Depths)
 73673 | Depths:2 | Received a gift from Trog
 73716 | Depths:2 | Reached skill level 27 in Dodging
 73738 | Depths:2 | Got a twisted cloak
 73749 | Depths:2 | Identified the cursed -3 cloak of Beogh's Reproof {Int+2} (You found it on level 2 of the Depths)
 74131 | Depths:3 | Found a gateway to a ziggurat.
 74140 | Zig:1    | Entered Level 1 of a ziggurat
 74152 | Zig:2    | Entered Level 2 of a ziggurat
 74233 | Zig:3    | Entered Level 3 of a ziggurat
 74541 | Depths:3 | Found an iron altar of Okawaru.
 74541 | Depths:3 | Noticed Wiglaf
 74684 | Depths:3 | Found a one-way gate to the infinite horrors of the Abyss.
 74728 | Depths:3 | Found a one-way gate leading to the halls of Pandemonium.
 74851 | Depths:3 | Received a gift from Trog
 74967 | Depths:3 | Killed Wiglaf
 76205 | Depths:4 | Received a gift from Trog
 76895 | Depths:4 | Got a pitted brass ring
 76897 | Depths:4 | Identified the ring "Jawnuuj" {*Confuse rF+ MP+9 Int+5} (You found it on level 4 of the Depths)
 76990 | Depths:5 | Entered Level 5 of the Depths
 76992 | Depths:5 | Reached XP level 26. HP: 225/225 MP: 8/25
 77298 | Depths:5 | Received a gift from Trog
 77346 | Depths:5 | Found a gate to the Realm of Zot.
 77984 | Depths:5 | Found Teyzautz's Assorted Antiques.
 78082 | Depths:5 | Noticed an ancient lich
 78089 | Depths:5 | Killed an ancient lich
 78092 | Depths:5 | Received a gift from Trog
 78110 | Depths:5 | Got a transparent hat
 78121 | Depths:5 | Identified the +2 hat of the Snail {rElec rPois rC- Dex+4} (You acquired it on level 5 of the Depths)
 78315 | Depths:4 | Got an encrusted dagger
 78669 | Vaults:5 | Entered Level 5 of the Vaults
 78790 | Vaults:5 | Got a silver rune of Zot
 78892 | Vaults:5 | Received a gift from Trog
 79084 | Vaults:5 | Reached XP level 27. HP: 169/231 MP: 11/25
 79687 | Vaults:5 | Received a gift from Trog
 79993 | Vaults:5 | Got a distressingly furry scale mail
 80343 | Vaults:5 | Received a gift from Trog
 80699 | Vaults:5 | Got a smoking tin ring
 80734 | Vaults:5 | Identified the ring "Jautonn" {Fire MR++} (You found it on level 5 of the Vaults)
 81160 | Zot:1    | Entered Level 1 of the Realm of Zot
 81164 | Zot:1    | Noticed an orb of fire
 81171 | Zot:1    | Killed an orb of fire
 81504 | Zot:5    | Entered Level 5 of the Realm of Zot
 81589 | Zot:5    | Noticed an ancient lich
 81602 | Zot:5    | Killed an ancient lich
 81604 | Zot:5    | Noticed an ancient lich
 81613 | Zot:5    | Killed an ancient lich
 81619 | Zot:5    | Noticed an ancient lich
 81634 | Zot:5    | Killed an ancient lich
 81643 | Zot:5    | Killed an ancient lich
 81653 | Zot:5    | Noticed an orb of fire
 81660 | Zot:5    | Noticed an orb of fire
 81663 | Zot:5    | Noticed an ancient lich
 81667 | Zot:5    | Noticed an orb of fire
 81675 | Zot:5    | Killed an ancient lich
 81682 | Zot:5    | Killed an orb of fire
 81702 | Zot:5    | Killed an orb of fire
 81714 | Zot:5    | Killed an orb of fire
 81802 | Zot:5    | Noticed an ancient lich
 81820 | Zot:5    | Killed an ancient lich
 81857 | Zot:5    | Killed an ancient lich
 81887 | Zot:5    | Noticed an ancient lich
 81896 | Zot:5    | Killed an ancient lich
 81942 | Zot:5    | Got the Orb of Zot
 82408 | D:10     | Received a gift from Trog
 82618 | D:$      | Escaped with the Orb!

Vault maps used:
D:1:      minmay_arrival_three_doors
D:2:      first_bread, nrook_mini_backslash, uniq_jessica
D:3:      hangedman_decor_slide_cut, uniq_crazy_yiuf_cottage
D:4:      serial_shops, shop, trog_book
D:5:      grunt_temple_overflow_lords_of_destruction, tgw_sif
D:6:      minmay_temple_entry_junction2, serial_shops, shop,
          makhleb_heckhound_becter
D:7:      basic_altar
D:8:      minitemple, nicolae_overflow_crystal_walls, erik_lair_orcish_takeover,
          uniq_psyche
D:9:      good_gods_temple_1, nicolae_overflow_hidden_temple, serial_shops,
          shop, hangedman_pestilent_swarm, grunt_ministairs_13
D:10:     spider_trap, wad_floor_pattern_1, uniq_maurice
D:11:     david_orc_5, kennysheep_generic_room_10, uniq_sonja
D:12:     minmay_misc_feat_tiny, grunt_gozag_statues
D:13:     minmay_misc_feat_room
D:14:     hangedman_vaults_entry_quadrant_bands, elyvilon_altar_1,
          serial_bayou_lake_a, uniq_frances
D:15:     gammafunk_depths_entry_grave, minivault_22
Lair:1:   lab_entry_generic, uniq_joseph
Lair:2:   serial_bayou_pond_c, lemuel_fruit_tree
Lair:3:   kennysheep_rathole, minmay_swamp_entry_worms,
          spider_nest_entry_rubble, lemuel_old_faithful, uniq_urug
Lair:4:   grunt_megastairs_1, uniq_josephine, uniq_rupert
Lair:6:   slime_dummy, beast_lair_carwin_8
Lair:7:   grunt_megastairs_2
Lair:8:   evilmike_catoblepas_cave
Swamp:1:  nicolae_swamp_orc_logging_accident
Swamp:2:  evilmike_swamp_ruin_house_4
Swamp:3:  evilmike_swamp_ruin_house_1, swamp_pool5
Swamp:4:  swamp, swamp_pool5, grunt_ruined_hall, uniq_mara
Spider:1: uniq_nikola
Spider:2: spiders_nest_spider_trap
Spider:3: hangedman_creepy_crawlies, uniq_louise
Spider:4: spider_rune_water
Orc:1:    serial_shops, nicolae_shop_trees, uniq_nergalle, uniq_erica,
          uniq_harold
Orc:2:    mines3_lemuel
Orc:3:    basic_altar, nicolae_orc_pool_cavern, uniq_maud
Orc:4:    st_orc_pillars
Elf:1:    minmay_elf_arrival_circle, hangedman_elf_represent,
          nicolae_elf_w_pinch, uniq_donald
Elf:2:    serial_shops, shop, portal_ice_cave_demonic_guard,
          nicolae_elf_v_pinch, uniq_agnes
Elf:3:    minmay_elf_hall_four_x
Vaults:1: vaults_mumra_minichess_inversion, nicolae_vaults_little_squares_5,
          st_hourglassy, nicolae_vaults_alarming, hangedman_vaults_stagger,
          vaults_room_ringed_pool, v_pattern_5, vaults_room_door_hall,
          v_misc_27, ontoclasm_vaults_fault, ontoclasm_vaults_ligature,
          vaults_dpeg_hooks, grunt_vaults_hallway_long, vaults_room_hallway,
          v_misc_16, serial_shops, nicolae_shop_crystal
Vaults:2: st_octagons_1, vaults_room_door_hall, vaults_dpeg_diagonal,
          hangedman_vaults_trim, vaults_mumra_lcd,
          hangedman_vaults_corner_blocks, vaults_mumra_hexcomb,
          nicolae_vaults_what_the_h, hangedman_vaults_hat, serial_shops,
          nicolae_shop_window_shopping
Vaults:3: nicolae_vaults_big_angled_halls, v_misc_4, ontoclasm_vaults_twist,
          v_misc_11, v_alt_pattern_1, grunt_vaults_trifunnel,
          hangedman_vaults_trim, ontoclasm_vaults_eye,
          hangedman_vaults_restitches, vaults_dpeg_ring,
          minmay_crypt_entry_necro_gods, serial_shops, shop
Vaults:4: nicolae_vaults_theta, v_misc_19, ontoclasm_vaults_ring_small,
          nicolae_vaults_border_crossing, ontoclasm_vaults_misaligned,
          ontoclasm_vaults_pinch, vaults_dpeg_cross, vaults_room_hallway,
          vaults_room_semicircle, v_rooms_5, nicolae_vaults_little_squares_1,
          basic_altar
Crypt:1:  mu_enter_wizlab_5, hangedman_batty
Crypt:3:  evilmike_haunted_forest, uniq_saint_roka
Depths:1: hell_entry, hangedman_abyss_or_decor_stabs, dk_noncrumbling_3,
          guppyfry_shop_venom, grunt_megastairs_4, serial_bayou_shore_a
Depths:2: box_level_dp, hell_entry, uniq_jorgrun
Depths:3: evilmike_iron_armoury, enter_ziggurat_a, rand_demon_pan_entry_1,
          hell_entry, abyss_entry_small_statue_room, st_stairs_13
Depths:4: lemuel_traditional_vault, lightli_too_deep,
          hangedman_abyss_entry_splay, hangedman_abyss_or_decor_lesser_grid,
          minmay_staircase_bubble
Depths:5: grunt_zot_entry_tricorne, hangedman_coc_ice_floe, serial_shops, shop,
          abyss_entry, minmay_librarian
Zot:2:    hangedman_zot_vaults_quadrants
Zot:3:    circus_mu
Zot:4:    stair_cage_wide, st_large_dragon_hoard_2
Zot:5:    st_stairs_6, nrook_zot_tub
Zig:3:    ziggurat_pillar_centre_c
Lab:      labyrinth_watery
IceCv:    ice_cave_caverns_01
WizLab:   wizlab_iskenderun

Action                   |  1- 3 |  4- 6 |  7- 9 | 10-12 | 13-15 | 16-18 | 19-21 | 22-24 | 25-27 || total
-------------------------+-------+-------+-------+-------+-------+-------+-------+-------+-------++-------
Melee: Dagger            |   105 |   210 |       |       |       |       |       |       |       ||   315
       Spear             |       |    12 |   632 |       |       |       |       |       |       ||   644
       Halberd           |       |       |   169 |   891 |   531 |       |       |       |       ||  1591
       Trident           |       |       |       |       |    41 |       |       |       |       ||    41
       Glaive            |       |       |       |       |  1238 |  1234 |       |    82 |       ||  2554
       Bardiche          |       |       |       |       |       |  1622 |  1975 |  2058 |  1799 ||  7454
 Fire: Blowgun           |     3 |    28 |    10 |     3 |       |       |       |       |     1 ||    45
Throw: Throwing net      |       |       |       |       |       |     1 |       |       |       ||     1
Invok: Berserk           |       |       |     3 |    12 |    15 |     4 |       |     1 |       ||    35
       Burn Spellbooks   |       |       |     2 |       |     4 |     3 |     6 |     5 |     9 ||    29
       Brothers in Arms  |       |       |       |     3 |     3 |    10 |     5 |     3 |     6 ||    30
       Trog's Hand       |       |       |       |       |       |     8 |    15 |    11 |    14 ||    48
Evoke: Wand              |       |       |       |     8 |     5 |       |       |     2 |    14 ||    29
  Use: Scroll            |       |     7 |     8 |     8 |    11 |    12 |    15 |     5 |    16 ||    82
       Potion            |       |       |     3 |     7 |     1 |     3 |     3 |     6 |     7 ||    30
 Stab: Sleeping          |     9 |    13 |    10 |    10 |       |     1 |    24 |    60 |    28 ||   155
       Distracted        |       |       |     1 |     6 |     1 |     2 |    13 |    24 |    26 ||    73
       Petrifying        |       |       |       |       |     1 |       |       |       |       ||     1
       Petrified         |       |       |       |       |     1 |       |       |       |       ||     1
       Held in net/web   |       |       |       |       |       |     2 |       |       |     1 ||     3
       Confused          |       |       |       |       |       |       |       |     1 |       ||     1
  Eat: Chunk             |     1 |     8 |    20 |    32 |    62 |    55 |    36 |    24 |    21 ||   259
       Beef jerky        |       |       |     1 |       |     3 |     1 |     2 |     2 |     2 ||    11
       Pizza             |       |       |       |     3 |     3 |     3 |     1 |     1 |     4 ||    15
       Royal jelly       |       |       |       |     1 |       |     1 |       |     1 |     4 ||     7
       Fruit             |       |       |       |     2 |       |       |       |       |       ||     2
       Bread ration      |       |       |       |       |     1 |     1 |       |     1 |       ||     3
       Meat ration       |       |       |       |       |       |     2 |     1 |     2 |       ||     5
